AoeStats
← Irving Legend

Arabia

507064243Analyzed
2v2 RM · 17d ago on Sep 16, 2026· 59m 7s· 4 players
Game mode
Random Map
Map size
Medium (4 player)
Population
200
Speed
Normal
Resources
Standard
Victory
Conquest
Starting age
Dark Age
Ending age
Imperial Age
RankedLock teamsTeams togetherTeam positionsShared explorationLock speedFull tech treeHidden civsTurbo modeCheats
Victory
Defeat
🇨🇳 Franks · China
1109
+17
🇨🇳 Persians · China
1108
+17
🇨🇴 Persians · Colombia
1140
-17
🇨🇦 Ethiopians · Canada
1126
-17
755583871
2:03 Loom
12:34 Feudal Age
18:13 Castle Age
19:09 Scale Barding Armor
21:06 Forging
23:03 Chain Barding Armor
24:23 Iron Casting
26:18 Husbandry
27:09 Double-Bit Axe
30:30 Gold Mining
32:50 Pikeman
33:33 Scale Mail Armor
33:53 Squires
34:41 Chain Mail Armor
36:42 Wheelbarrow
36:31 Stone Mining
38:24 Bow Saw
40:32 Hand Cart
45:22 Gold Shaft Mining
47:49 Imperial Age
49:45 Plate Barding Armor
49:40 Cavalier
52:21 Plate Barding Armor
52:47 Blast Furnace
57:40 Paladin
yanglegeyang
10:48 Feudal Age
9:03 Loom
15:31 Castle Age
15:53 Bloodlines
15:49 Scale Barding Armor
19:07 Forging
20:31 Husbandry
20:51 Pikeman
22:33 Wheelbarrow
23:43 Double-Bit Axe
25:50 Bow Saw
25:21 Horse Collar
30:04 Iron Casting
30:54 Scale Mail Armor
36:50 Imperial Age
34:47 Gold Mining
34:48 Stone Mining
35:05 Heavy Plow
36:32 Chain Mail Armor
36:19 Squires
36:45 Stone Mining
37:30 Gold Shaft Mining
38:30 Halberdier
41:31 Conscription
41:19 Heavy Camel Rider
43:32 Chain Barding Armor
44:15 Blast Furnace
43:37 Chain Barding Armor
44:37 Plate Mail Armor
48:04 Fletching
48:15 Padded Archer Armor
48:04 Elite Skirmisher
49:08 Hand Cart
49:48 Bodkin Arrow
50:08 Leather Archer Armor
52:09 Chemistry
51:30 Ballistics
54:37 Murder Holes
55:14 Ring Archer Armor
Thousk_
6:18 Loom
9:02 Feudal Age
9:42 Double-Bit Axe
19:33 Castle Age
17:41 Horse Collar
19:14 Bloodlines
19:14 Scale Barding Armor
32:01 Chain Barding Armor
31:52 Forging
40:42 Imperial Age
42:13 Crossbowman
43:59 Fletching
44:10 Padded Archer Armor
45:09 Kamandaran
44:56 Heavy Camel Rider
Irving Legend
5:50 Loom
9:17 Feudal Age
9:23 Man-at-Arms
9:49 Double-Bit Axe
12:33 Town Watch
14:22 Fletching
21:41 Castle Age
20:39 Scale Mail Armor
20:58 Padded Archer Armor
21:49 Horse Collar
22:00 Gold Mining
21:59 Crossbowman
23:01 Bodkin Arrow
25:19 Ballistics
27:28 Squires
30:42 Scale Barding Armor
42:13 Imperial Age
40:16 Bow Saw
40:21 Stone Mining
41:43 Chain Barding Armor
41:44 Leather Archer Armor
42:21 Forging
42:21 Husbandry
42:47 Thumb Ring
43:21 Bracer
44:59 Chemistry
44:10 Masonry
44:16 Arbalester
49:05 Ring Archer Armor
49:02 Heavy Camel Rider
50:43 Conscription
51:14 Royal Heirs
54:57 Caravan
56:55 Heavy Plow
57:33 Gold Shaft Mining
Connection lost

Rejoining the realm…

Still unreachable

The connection could not be restored.

Session expired

The server has moved on; the page needs a fresh start.